 Dungeon Crawl Stone Soup version 0.29-a0-322-g68df515428 (webtiles) character file.

Game seed: 17077863094274501557

77 Gargoyl the Skirmisher (level 4, -5/30 HPs)
             Began as a Gargoyle Abyssal Knight on Apr 9, 2022.
             Was a Priest of Lugonu.
             Killed from afar by a steam dragon (11 damage)
             ... with a ball of steam
             ... on level 3 of the Dungeon.
             The game lasted 00:02:39 (2041 turns).

Gargoyl the Skirmisher (Gargoyle Abyssal Knight)    Turns: 2041, Time: 00:02:40

Health: -5/30      AC: 10    Str: 16    XL:     4   Next: 34%
Magic:  5/5        EV: 10    Int: 11    God:    Lugonu [***...]
Gold:   155        SH:  0    Dex: 12    Spells: 3/3 levels left

rFire   . . .      SeeInvis .   n - +2 triple sword (elec)
rCold   . . .      Faith    .   (shield currently unavailable)
rNeg    + . .      Spirit   .   c - +0 ring mail
rPois   ∞          Reflect  .   (no helmet)
rElec   +          Harm     .   (no cloak)
rCorr   .          Rampage  .   f - +0 pair of gloves
Will    .....                   (no boots)
Stlth   +.........              (no amulet)
HPRegen 0.10/turn               (no ring)
MPRegen 0.09/turn               (no ring)

@: brilliant
A: sickness immunity, AC +3, negative energy resistance 1, electricity
resistance, torment resistance 1, petrification resistance
a: Renounce Religion, Depart the Abyss, Bend Space, Banish


You were on level 3 of the Dungeon.
You worshipped Lugonu.
Lugonu was most pleased with you.
You visited 1 branch of the dungeon, and saw 3 of its levels.
You visited the Abyss 1 time.

You collected 155 gold pieces.

Inventory:

Hand Weapons
 a - a +1 hand axe
 n - a +2 triple sword of electrocution (weapon)
Missiles
 e - 12 poisoned darts (quivered)
Armour
 c - a +0 ring mail (worn)
 f - a +0 pair of gloves (worn)
Scrolls
 g - 2 scrolls of magic mapping
 j - a scroll of fear
 m - a scroll of torment {unknown}
Potions
 b - a potion of flight
 h - a potion of heal wounds {unknown}
 i - a potion of degeneration {unknown}
 k - a potion of haste {unknown}
 l - a potion of ambrosia {unknown}
 o - a potion of attraction {unknown}


   Skills:
 + Level 4.4 Fighting
 + Level 2.5 Axes
 + Level 2.7 Armour
 + Level 1.0 Dodging
 + Level 0.1 Stealth
 + Level 2.2 Invocations


You had 3 spell levels left.
You didn't know any spells.
Your spell library was empty.

Dungeon Overview and Level Annotations

Branches:
Dungeon (3/15)

Altars:
Uskayaw
Wu Jian


Innate Abilities, Weirdness & Mutations

You are immune to sickness and miasma.
Your stone body is resilient. (AC +3)
You are immune to poison.
You resist negative energy. (rN+)
You are resistant to electric shocks. (rElec)
You are resistant to unholy torment.
You are immune to petrification.


Message History

You kill the jackal!
Lugonu accepts your kill. The steam dragon breathes steam at you.
The ball of steam hits the jackal!
The jackal dies!
The ball of steam hits you!
You completely miss the steam dragon.
The steam dragon bites you but does no damage.
The steam dragon claws you but does no damage.
The steam dragon closely misses you. The steam dragon claws you.
You hit the steam dragon.
The steam dragon is lightly wounded.
The steam dragon closely misses you. The steam dragon barely misses you.
Unknown command.
You hit the steam dragon but do no damage.
The steam dragon is lightly wounded.
The steam dragon breathes steam at you. The ball of steam misses you.
The steam dragon completely misses you. The steam dragon barely misses you.
You closely miss the steam dragon.
The steam dragon is lightly wounded.
You are engulfed in a cloud of scalding steam.
The steam dragon bites you.
The steam dragon claws you but does no damage.
The steam dragon bites you but does no damage.
The steam dragon claws you but does no damage.
You hit the steam dragon.
The steam dragon is lightly wounded.
You are engulfed in a cloud of scalding steam.
The steam dragon breathes steam at you. The ball of steam hits you!
* * * LOW HITPOINT WARNING * * *
The steam dragon bites you but does no damage.
The steam dragon closely misses you.
An endoplasm comes into view.
It was a potion of brilliance.
You feel clever all of a sudden. The steam dragon breathes steam at you.
The ball of steam hits you!
You die...

.#.# #....#
##.# #....#
...#
#....####
####
####....#
####.# #[#
. #.# ...
##'###J....
#.§@D..#
#§....?#
#......#
........#
##########


You could see a steam dragon (catching breath) and an endoplasm.

Vanquished Creatures
  A gnoll (D:1)
  3 worms
  A dart slug (D:1)
  An orc (D:3)
  7 bats
  3 endoplasms
  5 giant cockroaches
  5 goblins
  5 jackals
  2 quokkas (D:1)
  5 ball pythons
  7 frilled lizards
  6 kobolds
  6 rats
57 creatures vanquished.

Vanquished Creatures (others)
  A jackal (D:3)
  A fungus (D:1)
2 creatures vanquished.

Grand Total: 59 creatures vanquished

Notes
Turn   | Place    | Note
-------+----------+-------------------------------------------
     0 | Abyss:1  | Gargoyl the Gargoyle Abyssal Knight began the quest for the
                  | Orb.
     0 | Abyss:1  | Reached XP level 1. HP: 14/14 MP: 2/2
   109 | Abyss:1  | Noticed a wretched star
   110 | D:1      | Escaped the Abyss
   146 | D:1      | Reached ** piety under Lugonu
   171 | D:1      | Reached XP level 2. HP: 11/20 MP: 3/3
   545 | D:1      | Reached skill level 4 in Fighting
   658 | D:1      | Reached XP level 3. HP: 18/24 MP: 4/4
   848 | D:1      | Found a faded altar of an unknown god.
  1153 | D:2      | Found an ornate altar of the Wu Jian Council.
  1176 | D:2      | Reached skill level 1 in Dodging
  1540 | D:2      | Reached XP level 4. HP: 26/29 MP: 5/5
  1732 | D:2      | Reached *** piety under Lugonu
  1751 | D:2      | You fall into a shaft and drop 1 floor!
  1852 | D:3      | Identified a scroll of acquirement
  1852 | D:3      | Acquired a +2 triple sword of electrocution
  1866 | D:3      | Found a hide-covered altar of Uskayaw.
  2034 | D:3      | Noticed a steam dragon
  2041 | D:3      | Killed from afar by a steam dragon

Illustrated notes

Levels and vault maps discovered:
D:1:      sevenhm_arrival_forest_fort_small_6, layout_rooms,
          dreamdust_ecumenical_altar_grove, st_stairs_10, nicolae_wormholes
D:2:      layout_loops_ring, basic_altar
D:3:      layout_basic, nicolae_uskayaw_suspiria, grunt_decor_junction

Skill      XL: |  1  2  3 |
---------------+----------+-----
Fighting       | 4 |  4.4
Axes           | 2 |  2.5
Dodging        | 1 |  1.0
Armour         | |  2.7
Stealth        | |  0.1
Invocations    | |  2.2

Action                   |  1- 3 |  4- 6 || total
-------------------------+-------+-------++-------
Melee: Hand axe          |   132 |    39 ||   171
       Punch             |     1 |       ||     1
       Triple sword      |       |    10 ||    10
Invok: Depart the Abyss  |     1 |       ||     1
  Use: Scroll            |     1 |     4 ||     5
       Potion            |       |     1 ||     1
Armor: Leather armour    |    13 |       ||    13
       Ring mail         |    53 |    35 ||    88
Dodge: Dodged            |    92 |    25 ||   117

Table legend: (Time is in decaauts)
 A = Elapsed time spent in this place.
 B = Non-inter-level travel time spent in this place.
 C = Inter-level travel time spent in this place.
 D = Time resting spent in this place.
 E = Time spent auto-exploring this place.
 F = Levels seen in this place.
 G = Mean time per level.
                   A        B        C        D        E       F      G
               +--------+--------+--------+--------+--------+-----+--------+
         Total |   2080 |   2070 |     10 |      0 |   1518 |   4 |  520.0 |
       Dungeon |   1970 |   1960 |     10 |      0 |   1410 |   3 |  656.7 |
         Abyss |    110 |    110 |      0 |      0 |    108 |   1 |  110.0 |
               +--------+--------+--------+--------+--------+-----+--------+

Top non-repeatable levels by time:
     D:1: 977 daAuts
     D:2: 694 daAuts
     D:3: 298 daAuts
 Abyss:1: 110 daAuts
